AoeStats
← JamesdoXD3

Nomad

503945032Analyzed
2v2 RM · 1mo ago on Sep 3, 2026· 40m 39s· 4 players
Game mode
Random Map
Map size
176×176
Population
200
Speed
Normal
Resources
Standard
Victory
Conquest
Starting age
Dark Age
Ending age
Imperial Age
RankedLock teamsTeams togetherTeam positionsShared explorationLock speedFull tech treeHidden civsTurbo modeCheats
Victory
Defeat
🇨🇦 Italians · Canada
1200
+15
🇨🇴 Koreans · Colombia
1154
+17
🇺🇸 Malians · United States
1172
-16
🇭🇰 Persians · Hong Kong SAR China
1172
-16
Sean
4:57 Loom
13:29 Feudal Age
14:39 Double-Bit Axe
19:08 Castle Age
17:31 Fletching
18:54 Gold Mining
18:58 Stone Mining
21:20 Bodkin Arrow
20:47 Elite Skirmisher
22:55 Town Watch
23:22 Padded Archer Armor
26:17 Ballistics
26:29 Thumb Ring
30:24 Imperial Age
29:02 Masonry
30:02 Medium Warships
33:08 Chemistry
JamesdoXD3
3:45 Loom
14:27 Feudal Age
16:20 Town Watch
16:21 Double-Bit Axe
20:26 Fletching
22:46 Horse Collar
28:29 Castle Age
28:18 Forging
28:21 Gold Mining
28:39 Pikeman
28:43 Crossbowman
29:41 Bodkin Arrow
32:03 Wheelbarrow
32:14 Thumb Ring
34:47 Bow Saw
35:05 Elite Skirmisher
37:16 Bow Saw
37:36 Heavy Plow
43:23 Imperial Age
FellRabbit9
11:18 Loom
14:10 Feudal Age
16:09 Double-Bit Axe
20:15 Castle Age
21:14 Gold Mining
23:54 Bloodlines
25:11 Scale Barding Armor
25:37 Bow Saw
27:01 Forging
29:00 Husbandry
31:28 Wheelbarrow
30:38 Town Watch
33:41 Fletching
39:20 Imperial Age
38:34 Hand Cart
40:57 Imperial Age
HimGor3209
7:23 Loom
11:17 Loom
14:11 Feudal Age
19:22 Castle Age
17:15 Fishing Lines
18:42 Fletching
19:44 Padded Archer Armor
21:06 Leather Archer Armor
21:01 Crossbowman
22:11 Gold Mining
24:15 Double-Bit Axe
26:11 Man-at-Arms
26:55 Squires
27:09 Gillnets
27:40 Bodkin Arrow
28:55 Bow Saw
31:20 Ballistics
36:42 Imperial Age
38:05 Scale Mail Armor
38:53 Stone Mining
40:08 Leather Archer Armor
Connection lost

Rejoining the realm…

Still unreachable

The connection could not be restored.

Session expired

The server has moved on; the page needs a fresh start.